 Dungeon Crawl Stone Soup version 0.18.1-1-g2f07953 (webtiles) character file.

931 Eucla the Grappler (level 7, -6/66 HPs)
             Began as a Troll Monk on May 8, 2016.
             Was a Believer of Nemelex Xobeh.
             Mangled by Blork the orc
             ... wielding a +0 dire flail
              (11 damage)
             ... on level 5 of the Dungeon.
             The game lasted 00:04:29 (3424 turns).

Eucla the Grappler (Troll Monk)                     Turns: 3424, Time: 00:04:29

Health: -6/66      AC:  5    Str: 20    XL:     7   Next: 86%
Magic:  3/3        EV: 10    Int:  6    God:    Nemelex Xobeh [**....]
Gold:   44         SH:  0    Dex: 14    Spells: 0 memorised, 6 levels left

rFire  . . .     SeeInvis .       - Unarmed
rCold  . . .     Gourm    +     p - +0 robe (curse)
rNeg   . . .     Faith    .     (no shield)
rPois  .         Spirit   .     (helmet restricted)
rElec  .         Dismiss  .     (no cloak)
rCorr  .         Reflect  .     (gloves unavailable)
SustAt .         Harm     .     (boots unavailable)
MR     .....                    (no amulet)
Stlth  ++........               (no ring)
                                (no ring)

@: not resistant to hostile enchantments, unstealthy
A: unfitting armour, claws 3, fast metabolism 3, gourmand, low mp 3,
regeneration 2, shaggy fur 1, tough skin 2
a: Renounce Religion


You were on level 5 of the Dungeon.
You worshipped Nemelex Xobeh.
Nemelex Xobeh was pleased with you.
You were very full.

You visited 1 branch of the dungeon, and saw 5 of its levels.

You collected 158 gold pieces.
You spent 114 gold pieces at shops.

Inventory:

Armour
 a - a +0 robe
 p - a cursed +0 robe (worn)
Wands
 o - a wand of teleportation (2/9)
 s - a wand of confusion (27/48)
Scrolls
 d - 3 scrolls of identify {unknown}
 f - 7 scrolls of teleportation {unknown}
 i - a scroll of magic mapping {unknown}
 n - a scroll of remove curse
 q - a scroll of enchant armour {unknown}
 u - a scroll of enchant weapon {unknown}
 y - a scroll of fear {unknown}
 z - a scroll of blinking {unknown}
Potions
 c - a potion of ambrosia {unknown}
 e - 3 potions of flight {unknown}
 g - 2 potions of cancellation {unknown}
 k - a potion of haste {unknown}
 l - 4 potions of degeneration
 r - a potion of magic {unknown}
 A - a potion of lignification
Miscellaneous
 t - a plain deck of defence {drawn: 1}
 v - a plain deck of destruction
 w - a plain deck of escape
 x - a plain deck of war {drawn: 3}
 C - an ornate deck of war
Comestibles
 b - 3 bread rations
 h - a beef jerky
 j - 2 meat rations


   Skills:
 - Level 2.4 Fighting
 - Level 2.4 Dodging
 - Level 1.1 Stealth
 + Level 9.9 Unarmed Combat


You had 6 spell levels left.
You didn't know any spells.

Dungeon Overview and Level Annotations

Branches:
Dungeon (5/15)
 Temple: D:4-7

Altars:
Ashenzari
Elyvilon
Nemelex Xobeh
Pakellas
Zin

Shops:
D:2 *   D:4 !

Annotations:
D:5 Blork the orc


Innate Abilities, Weirdness & Mutations

You are too large for most types of armour.
You have claws for hands.
Your metabolism is lightning-fast.
You like to eat raw meat.
You heal very quickly.
You are covered in fur (AC +1).
You have very tough skin (AC +2).
Your magical capacity is extremely low (-30% MP).


Message History

Something hits you.
* * * LOW HITPOINT WARNING * * *
You scratch something. Something hits you!
* * * LOW HITPOINT WARNING * * *
Unknown command.
Unknown command.
Drink which item? (? for menu, Esc to quit)
You feel better. Something hits you!
* * * LOW HITPOINT WARNING * * *
Unknown command.
Drink which item? (? for menu, Esc to quit)
You feel better. Something hits you.
* * * LOW HITPOINT WARNING * * *
Unknown command.
Drink which item? (? for menu, Esc to quit)
You feel better. Something hits you!
* * * LOW HITPOINT WARNING * * *
Something hits you!
You die...
Your body disappears without a glow.

... ###.. #.# ..# ..).
#.######..#..# # .# #..
#.#..........###.
...##..###.............#..
........##................
........##................
........##................
#.......{@................
#?##..#######.............
...... #..........#..
.$.$.$ #.............
...... #.#####.).....
..#.. ###.#####.<.....
.... .........<......
.##..#.....[....
##...........<


There were no monsters in sight!

Vanquished Creatures
  A necrophage (D:5)
  A phantom (D:4)
  3 slaves (D:4)
  An ogre (D:4)
  Ijyb (D:3)
  Natasha (thrice) (D:2)
  A worker ant (D:4)
  6 adders
  2 gnolls (D:4)
  2 oozes
  2 worms (D:2)
  2 dart slugs
  2 giant geckos
  An orc (D:3)
  A ball python (D:3)
  7 giant cockroaches
  2 hobgoblins
  6 jackals
  2 quokkas
  10 bats
  3 giant newts
  17 goblins
  A kobold (D:2)
  7 rats
84 creatures vanquished.

Vanquished Creatures (collateral kills)
  Pikel (D:5)
  Edmund (D:5)
  2 gnolls (D:4)
4 creatures vanquished.

Vanquished Creatures (others)
  An ice dragon (D:2)
1 creature vanquished.

Grand Total: 89 creatures vanquished

Notes
Turn   | Place    | Note
--------------------------------------------------------------
     0 | D:1      | Eucla the Troll Monk began the quest for the Orb.
     0 | D:1      | Reached XP level 1. HP: 22/22 MP: 0/0
   141 | D:1      | Reached XP level 2. HP: 28/29 MP: 1/1
   872 | D:2      | Reached skill level 5 in Unarmed Combat
   881 | D:2      | Reached XP level 3. HP: 23/36 MP: 2/2
  1118 | D:2      | Found a white marble altar of Elyvilon.
  1175 | D:2      | Noticed Natasha
  1182 | D:2      | Killed Natasha
  1182 | D:2      | Reached XP level 4. HP: 33/44 MP: 3/3
  1228 | D:2      | Noticed Natasha
  1236 | D:2      | Killed Natasha
  1236 | D:2      | Reached skill level 6 in Unarmed Combat
  1282 | D:2      | Found Zin's Purification Station.
  1296 | D:2      | Found a glowing silver altar of Zin.
  1418 | D:2      | Found an oddly glowing altar of Pakellas.
  1419 | D:2      | Noticed an ice dragon
  1433 | D:2      | Killed an ice dragon
  1459 | D:2      | Noticed Natasha
  1465 | D:2      | Killed Natasha
  1465 | D:2      | Reached XP level 5. HP: 42/50 MP: 4/4
  1674 | D:3      | Noticed Ijyb
  1681 | D:3      | Killed Ijyb
  1894 | D:3      | Reached skill level 7 in Unarmed Combat
  2374 | D:4      | Found a shattered altar of Ashenzari.
  2417 | D:4      | Noticed an ogre
  2423 | D:4      | Killed an ogre
  2423 | D:4      | Reached XP level 6. HP: 47/59 MP: 5/5
  2677 | D:4      | Found a sparkling altar of Nemelex Xobeh.
  2729 | D:4      | Became a worshipper of Nemelex Xobeh the Trickster
  2729 | D:4      | Received a gift from Nemelex Xobeh
  2729 | D:4      | Received a gift from Nemelex Xobeh
  2729 | D:4      | Reached * piety under Nemelex Xobeh
  2729 | D:4      | Received a gift from Nemelex Xobeh
  2729 | D:4      | Reached ** piety under Nemelex Xobeh
  2755 | D:4      | Found Fuhin's Distillery.
  2758 | D:4      | Bought a potion of mutation for 30 gold pieces
  2758 | D:4      | Bought a potion of curing for 36 gold pieces
  2758 | D:4      | Bought a potion of lignification for 36 gold pieces
  2758 | D:4      | Bought a potion of degeneration for 12 gold pieces
  2758 | D:4      | Gained mutation: Your magical capacity is low (-10% MP). [potion of mutation]
  2758 | D:4      | Gained mutation: Your magical capacity is very low (-20% MP). [potion of mutation]
  2758 | D:4      | Gained mutation: Your magical capacity is extremely low (-30% MP). [potion of mutation]
  3166 | D:4      | Reached skill level 8 in Unarmed Combat
  3235 | D:5      | Entered Level 5 of the Dungeon
  3235 | D:5      | Received a gift from Nemelex Xobeh
  3235 | D:5      | Noticed Edmund
  3240 | D:5      | Killed Edmund
  3240 | D:5      | Reached XP level 7. HP: 66/66 MP: 3/3
  3263 | D:5      | Noticed Pikel
  3309 | D:5      | Killed Pikel
  3309 | D:5      | Reached skill level 9 in Unarmed Combat
  3398 | D:5      | Noticed Blork the orc
  3422 | D:5      | HP: 3/66 [something (10)]
  3424 | D:5      | Mangled by Blork the orc

Skill      XL: |  1  2  3  4  5  6  7 |
---------------+----------------------+-----
Unarmed Combat | 5 6 7 8 9 |  9.9
Fighting       | |  2.4
Dodging        | |  2.4
Stealth        | |  1.1

Action                   |  1- 3 |  4- 6 |  7- 9 || total
-------------------------+-------+-------+-------++-------
Melee: Unarmed           |    87 |   112 |    36 ||   235
       Punch             |     5 |     1 |     1 ||     7
Evoke: Deck              |       |     3 |     1 ||     4
  Use: Scroll            |     1 |       |       ||     1
       Potion            |       |     1 |     3 ||     4
 Stab: Sleeping          |     3 |     4 |       ||     7
  Eat: Chunk             |    16 |    16 |     4 ||    36
Armor: Robe              |    30 |    41 |    11 ||    82
Dodge: Dodged            |    44 |    61 |    16 ||   121
